 Dungeon Crawl Stone Soup version 0.27-a0-1187-ge80a49f48c (webtiles) character file.

Game seed: 12046608586739015551

163 Ijustatesigmund the Chopper (level 5, -6/69 HPs)
             Began as a Hill Orc Fighter on May 20, 2021.
             Killed by divine providence
             ... invoked by an orc priest
              (14 damage)
             ... on level 3 of the Dungeon.
             The game lasted 00:03:58 (2997 turns).

Ijustatesigmund the Chopper (Hill Orc Fighter)      Turns: 2997, Time: 00:03:58

Health: -6/69      AC: 22    Str: 19    XL:     5   Next: 44%
Magic:  5/5        EV:  2    Int:  8    God:
Gold:   165        SH: 10    Dex: 11    Spells: 4/4 levels left

rFire    . . .     SeeInvis .   a - +2 war axe
rCold    . . .     Faith    .   c - +1 kite shield
rNeg     + + +     Spirit   .   (armour currently unavailable)
rPois    +         Reflect  .   (helmet currently unavailable)
rElec    .         Harm     .   (cloak currently unavailable)
rCorr    .         Rampage  .   (gloves currently unavailable)
Will     .....     NoTele   +   (boots currently unavailable)
Stlth    +.........             (no amulet)
HPRegen  0.21/turn              f - ring of positive energy
MPRegen  0.09/turn              (no ring)

@: mighty, tree-form
A: stationary, stasis, torment immunity, boosted hp
a: Convert to Beogh


You were on level 3 of the Dungeon.
You were a tree.
You visited 1 branch of the dungeon, and saw 3 of its levels.

You collected 165 gold pieces.

Inventory:

Hand Weapons
 a - a +2 war axe (weapon)
Missiles
 g - 12 poisoned darts (quivered)
Armour
 b - a +0 scale mail (melded)
 c - a +1 kite shield (worn)
Jewellery
 f - a ring of positive energy (left branch)
 i - a +6 ring of strength
Scrolls
 h - a scroll of fog
 l - a scroll of identify
Potions
 d - a potion of might
 e - 2 potions of flight
 j - a potion of brilliance


   Skills:
 + Level 3.9 Fighting
 + Level 7.1 Axes
 - Level 3.2 Armour
 - Level 3.2 Shields


You had 4 spell levels left.
You didn't know any spells.
Your spell library contained the following spells:

 Spells                   Type           Power      Damage    Failure   Level
 Magic Dart               Conj           0%         1d3       89%         1
 Searing Ray              Conj           0%         3d3       96%         2
 Dazzling Flash           Conj/Hex       0%         N/A       99%         3
 Fulminant Prism          Conj/Hex       0%         3d6       100%        4
 Iskenderun's Mystic Bla  Conj/Tloc      0%         2d3       100%        4


Dungeon Overview and Level Annotations

Branches:
Dungeon (3/15)

Altars:


Message History

Deactivating autopickup; reactivate with Ctrl-A.
You hear some strange, mumbled words.
A puff of flame appears from out of thin air!
The puff of flame misses you.
You closely miss something. Something hits you.
You barely miss something.
The orc priest mumbles some strange prayers to Beogh against you.
Beogh smites you! Something hits you but does no damage.
You hit something but do no damage. Something hits you.
You barely miss the orc. You block the orc's attack.
You barely miss the orc. The orc completely misses you.
You hit the orc.
The orc is lightly wounded.
The orc hits you but does no damage. You block the orc's attack.
You slash the orc!
You kill the orc!
You miss something. You block something's attack.
An orc comes into view. It is wielding a +0 club.
You miss something. Something hits you.
The orc priest calls down the wrath of Beogh upon you.
Beogh smites you!
* * * LOW HITPOINT WARNING * * *
You block something's attack.
You miss something. Something hits you.
* * * LOW HITPOINT WARNING * * *
You miss something. You block something's attack.
You closely miss something.
Something hits you but does no damage. x2
Really quaff the potion of lignification?
You turn into a tree.
Your +0 scale mail melds into your body.
Your roots penetrate the ground.
Something hits you but does no damage.
You feel very mighty all of a sudden. Something hits you but does no damage.
The orc priest shouts, "Surrender to Beogh and we'll let you live!"
You slash something! Something hits you but does no damage.
You miss something. Something hits you but does no damage.
You barely miss something. You block something's attack.
The orc priest mumbles some strange prayers to Beogh against you.
Beogh smites you!
You die...

.#
#######..#..##...##..#.#
.#
.........#...........#.#
.######
.........#Z...$!(....#..
#.....#
.........#############..
#.....#
...............©........
#<....#
.................#####..
#.....# ................##
#..
........####+###'#......##
#.. ......... #♣#..#####
#.. .......#. #{#..# #..
.......# #o#..# #..
....##.# oo#... #### ....#
:# ####.## #... ..# #.##
### #.#. #.#< #.#.


You could see an orc priest, 2 orcs and a howler monkey skeleton.

Vanquished Creatures
  2 orc wizards (D:3)
  3 gnolls (D:3)
  An adder (D:2)
  2 worms
  2 dart slugs (D:1)
  7 orcs (D:3)
  3 endoplasms
  4 giant cockroaches
  3 goblins
  3 hobgoblins (D:1)
  6 quokkas
  3 ball pythons (D:2)
  5 bats
  A frilled lizard (D:2)
  6 kobolds
  12 rats
63 creatures vanquished.

Notes
Turn   | Place    | Note
-------+----------+-------------------------------------------
     0 | D:1      | Ijustatesigmund the Hill Orc Fighter began the quest for
                  | the Orb.
     0 | D:1      | Reached XP level 1. HP: 19/19 MP: 1/1
    50 | D:1      | Found a faded altar of an unknown god.
    67 | D:1      | Reached skill level 3 in Axes
   174 | D:1      | Reached XP level 2. HP: 26/26 MP: 2/2
   281 | D:1      | Reached skill level 4 in Axes
   644 | D:1      | Reached XP level 3. HP: 31/31 MP: 3/3
  1221 | D:2      | Reached skill level 5 in Axes
  1847 | D:2      | Reached XP level 4. HP: 39/39 MP: 4/4
  2058 | D:2      | You fall into a shaft and drop 1 floor!
  2477 | D:3      | Reached skill level 6 in Axes
  2540 | D:3      | Reached XP level 5. HP: 15/45 MP: 5/5
  2795 | D:3      | Reached skill level 7 in Axes
  2997 | D:3      | Killed from afar by an orc priest

Illustrated notes

Levels and vault maps discovered:
D:1:      dpeg_arrival_tiny_f, layout_basic,
          shapermc_ecumenical_altar_totnotflames
D:2:      cheibrodos_old_hovel, layout_basic, grunt_ministairs_4, minmay_cut_off
D:3:      layout_basic, gammafunk_ghost_mausoleum, chequers_decorated_corner

Skill      XL: |  1  2  3  4  5 |
---------------+----------------+-----
Axes           | 3 4 5 6 7 |  7.1
Fighting       | |  3.9
Armour         | |  3.2
Shields        | |  3.2

Action                   |  1- 3 |  4- 6 || total
-------------------------+-------+-------++-------
Melee: War axe           |   121 |    82 ||   203
Throw: Dart              |       |     6 ||     6
  Use: Scroll            |     8 |     2 ||    10
       Potion            |       |     3 ||     3
Armor: Scale mail        |    49 |    44 ||    93
       Skin              |       |     4 ||     4
Dodge: Dodged            |    40 |    12 ||    52
Block: Kite shield       |    63 |    37 ||   100

Table legend: (Time is in decaauts)
 A = Elapsed time spent in this place.
 B = Non-inter-level travel time spent in this place.
 C = Inter-level travel time spent in this place.
 D = Time resting spent in this place.
 E = Time spent auto-exploring this place.
 F = Levels seen in this place.
 G = Mean time per level.
                   A        B        C        D        E       F      G
               +--------+--------+--------+--------+--------+-----+--------+
         Total |   3095 |   3058 |     37 |    339 |   2201 |   3 | 1031.7 |
       Dungeon |   3095 |   3058 |     37 |    339 |   2201 |   3 | 1031.7 |
               +--------+--------+--------+--------+--------+-----+--------+

Top non-repeatable levels by time:
     D:2: 1231 daAuts
     D:1: 1046 daAuts
     D:3: 817 daAuts
